 Dungeon Crawl Stone Soup version 0.27-a0-54-g64bdb92e38 (webtiles) character file.

Game seed: 13162003585728004093

77202 Armakuni the Covert (level 16, 122/122 HPs)
             Began as a Human Monk on Dec 25, 2020.
             Was the Champion of Wu Jian.
             Got out of the dungeon alive.
             The game lasted 01:16:40 (24213 turns).

Armakuni the Covert (Human Monk)                   Turns: 24213, Time: 01:16:41

Health: 122/122    AC: 31    Str: 28    XL:     16   Next: 4%
Magic:  16/16      EV: 13    Int: 16    God:    Wu Jian [******]
Gold:   1937       SH: 11    Dex: 21    Spells: 15/15 levels left

rFire    . . .     SeeInvis .   a - +7 spear "Ankogrei" {elec, Str+5 Dex+6}
rCold    . . .     Faith    .   s - +0 buckler
rNeg     + . .     Spirit   .   c - +5 crystal plate armour
rPois    +         Reflect  +   F - +2 helmet {Int+3}
rElec    +         Harm     .   g - +0 cloak
rCorr    .         Rampage  .   (no gloves)
Will     +....                  (no boots)
Stlth    ..........             H - amulet of reflection
HPRegen  0.30/turn              E - ring "Boossyat" {*Contam rElec rPois rN+}
MPRegen  0.15/turn              S - +6 ring of strength

@: no status effects
A: no striking features
a: Renounce Religion, Wall Jump, Serpent's Lash, Heavenly Storm


You escaped.
You worshipped Wu Jian.
Wu Jian was exalted by your worship.
You visited 4 branches of the dungeon, and saw 19 of its levels.
You also visited: Ice Cave.

You collected 2169 gold pieces.
You spent 232 gold pieces at shops.

Inventory:

Hand Weapons
 a - the +7 spear "Ankogrei" (weapon) {elec, Str+5 Dex+6}
   (You found it on level 4 of the Lair of Beasts)

   Occasionally, upon striking a foe, it can discharge electrical energy and
   cause terrible harm.
   It affects your strength (+5).
   It affects your dexterity (+6).
 b - a +4 eveningstar
Missiles
 f - 30 boomerangs (quivered)
 n - 82 poisoned darts
 t - 4 throwing nets
 u - 13 javelins
Armour
 c - a +5 crystal plate armour (worn)
 g - a +0 cloak (worn)
 s - a +0 buckler (worn)
 F - a +2 helmet of intelligence (worn)
Jewellery
 e - the ring "Ystufeuthu" {Fire Str+4 Int+2 Dex+4 Stlth-}
   (You found it on level 5 of the Dungeon)

   [ring of fire]

   It enhances your fire magic.
   It affects your strength (+4).
   It affects your intelligence (+2).
   It affects your dexterity (+4).
   It protects you from fire.
   It makes you vulnerable to cold.
   It makes you less stealthy.
 y - the ring of Sietemia {*Contam rF+ rC+ Will+ Int+3}
   (You found it on level 9 of the Dungeon)

   [ring of willpower]

   It affects your intelligence (+3).
   It protects you from fire.
   It protects you from cold.
   It affects your willpower, your defense against some magical effects.
   It causes magical contamination when unequipped.
 E - the ring "Boossyat" (left hand) {*Contam rElec rPois rN+}
   (You found it on level 4 of the Lair of Beasts)

   [ring of poison resistance]

   It insulates you from electricity.
   It protects you from poison.
   It protects you from negative energy.
   It causes magical contamination when unequipped.
 H - an amulet of reflection (around neck)
 I - an uncursed ring of see invisible
 S - a +6 ring of strength (right hand)
Wands
 l - a wand of digging (10)
 K - a wand of flame (20)
Scrolls
 d - 8 scrolls of blinking
 k - 5 scrolls of teleportation
 m - a scroll of immolation
 o - 3 scrolls of remove curse
 v - a scroll of holy word
 w - 3 scrolls of amnesia
 x - 4 scrolls of noise
 A - 2 scrolls of identify
 B - a scroll of vulnerability
Potions
 h - 4 potions of flight
 i - 5 potions of curing
 j - 3 potions of brilliance
 q - 4 potions of heal wounds
 r - 3 potions of might
 z - a potion of resistance
 C - 5 potions of haste
 D - a potion of berserk rage
 L - 2 potions of mutation
 N - 2 potions of lignification
Miscellaneous
 p - a box of beasts (inert)


   Skills:
 - Level 10.0 Fighting
 - Level 7.5(10.8) Maces & Flails
 - Level 9.3(12.0) Polearms
 - Level 12.1(13.9) Staves
 + Level 11.3 Armour
 + Level 11.7 Dodging
 - Level 14.0 Stealth
 - Level 4.0 Shields
 - Level 5.0 Evocations


You had 15 spell levels left.
You didn't know any spells.
Your spell library contained the following spells:

 Spells                   Type           Power        Failure   Level
 Animate Skeleton         Necr           0%           100%        1
 Apportation              Tloc           0%           100%        1
 Corona                   Hex            0%           100%        1
 Freeze                   Ice            0%           100%        1
 Shock                    Conj/Air       0%           100%        1
 Summon Small Mammal      Summ           0%           100%        1
 Swiftness                Air            0%           100%        2
 Frozen Ramparts          Ice            0%           100%        3
 Ozocubu's Armour         Ice            0%           100%        3
 Static Discharge         Conj/Air       0%           100%        3
 Airstrike                Air            0%           100%        4
 Hailstorm                Conj/Ice       0%           100%        4
 Summon Ice Beast         Ice/Summ       0%           100%        4
 Bolt of Magma            Conj/Fire/Erth 0%           100%        5
 Iskenderun's Battlesphe  Conj           0%           100%        5
 Lightning Bolt           Conj/Air       0%           100%        5
 Iron Shot                Conj/Erth      0%           100%        6
 Malign Gateway           Summ/Tloc      0%           100%        7
 Orb of Destruction       Conj           0%           100%        7
 Spellforged Servitor     Conj/Summ      0%           100%        7
 Shatter                  Erth           0%           100%        9


Dungeon Overview and Level Annotations

Branches:
Dungeon (10/15)            Temple (1/1) D:6            Lair (6/6) D:9
  Swamp (0/4) Lair:4       Spider (0/4) Lair:3        Slime (0/5) Lair:5
    Orc (2/2) D:10          IceCv (visited)
    Elf: Orc:2

Altars:
Ashenzari
Elyvilon
Fedhas
Gozag
Okawaru
Ru
Trog
Vehumet
Wu Jian
Xom
Zin
The Shining One
Beogh
Jiyva

Shops:
D:8 (   Orc:2 ([=

Annotations:
D:7 Gastronok


Message History

You climb upwards.
There is a stone staircase leading down here.
There is a stone staircase leading up here.
You climb upwards.
There is a stone staircase leading down here.
There is a stone staircase leading up here.
You climb upwards.
There is a stone staircase leading down here.
There is a stone staircase leading up here.
You climb upwards.
There is a stone staircase leading down here.
You see here a dagger.
Things that are here:
a +0 club; a +0 dagger
There is a staircase leading out of the dungeon here.
Are you sure you want to leave the Dungeon?
This will make you lose the game!
Alright, then stay!
Unknown command.
Are you sure you want to leave the Dungeon?
This will make you lose the game!
You have escaped!

# #........#...#...........##
# #...#######.#######.......#
#...#≈≈#.......#≈≈#.......##
##..#≈#.........#≈#..#.#..##
#..##...........##..#.#..##
##..#.............#..#....##
##..##.............##..#...##
##..###.............###...#..#
#..## #......@......# ##..#..#
##..###.............###..###.#
##..##.............##......>.
##..#.............#....#####
#..##...........##...##
#..#≈#.........#≈#...#
#..#≈≈#.......#≈≈#...#
#..#######.#######...#
#.......#...#........#


There were no monsters in sight!

Vanquished Creatures
  An orc warlord (Orc:2)
  The ghost of Life0 the Basher, a journeyman MiBe of Trog (Lair:6)
  An ettin (Orc:2)
  2 death oozes (Lair:6)
  Harold (D:8)
  Erolcha (Orc:1)
  3 hydras
  A boulder beetle (Lair:6)
  9 two-headed ogres
  7 death yaks
  Urug (Lair:3)
  Pikel (D:6)
  5 orc knights
  2 ugly things (IceCv)
  2 oklob plants (Lair:4)
  6 slime creatures
  3 orc sorcerers
  7 elephants
  4 black mambas
  An ice statue (IceCv)
  The ghost of stazo the Cleaver, a novice HOFi (D:4)
  Maggie (D:9)
  3 rime drakes
  8 cane toads
  16 komodo dragons
  6 trolls
  Grinder (D:5)
  A jumping spider (Lair:3)
  9 hornets
  5 polar bears
  4 basilisks
  Prince Ribbit (D:5)
  9 blink frogs
  2 redbacks (Lair:3)
  15 spriggans
  4 wyverns
  93 yaks
  A vampire (D:10)
  2 steam dragons
  3 wargs
  The ghost of skk the Covered, an amateur TeFi (D:4)
  21 water moccasins
  4 black bears
  19 orc warriors
  3 sky beasts
  9 ice beasts
  A phantom (D:8)
  27 ogres
  4 boggarts (Lair:6)
  24 wolves
  4 centaurs
  A big kobold (D:9)
  Blork the orc (D:5)
  20 bullfrogs
  5 scorpions
  3 killer bees (D:10)
  9 wights
  3 howler monkeys
  14 electric eels
  A bullfrog zombie (D:5)
  10 orc priests
  Crazy Yiuf (D:2)
  A bullfrog skeleton (D:3)
  5 hounds
  4 jellies (Lair:6)
  29 orc wizards
  Jessica (D:1)
  An iguana (D:7)
  Terence (D:3)
  A hell rat (Lair:5)
  6 worker ants
  A worker ant zombie (D:6)
  5 gnolls (D:5)
  8 adders
  3 shadow imps
  14 white imps
  3 ufetubi
  An adder skeleton (D:8)
  A worm (D:2)
  A dart slug (D:5)
  4 leopard geckos
  65 orcs
  A ball python (D:2)
  5 giant cockroaches
  5 goblins
  9 hobgoblins
  7 jackals
  8 kobolds
  3 quokkas (D:4)
  5 bats
  5 frilled lizards (D:2)
  A quokka skeleton (D:4)
  11 rats
644 creatures vanquished.

Vanquished Creatures (collateral kills)
  A yak (Lair:1)
  2 bullfrogs (D:9)
  3 wights (D:9)
  2 electric eels (D:10)
  2 white imps (Lair:1)
  3 orcs (D:9)
13 creatures vanquished.

Vanquished Creatures (others)
  A two-headed ogre (Orc:1)
  A black bear (D:9)
  A bullfrog (D:7)
  2 orcs (D:9)
  53 fungi
  62 plants
120 creatures vanquished.

Grand Total: 777 creatures vanquished

Notes
Turn   | Place    | Note
-------+----------+-------------------------------------------
     0 | D:1      | Armakuni the Human Monk began the quest for the Orb.
     0 | D:1      | Reached XP level 1. HP: 18/18 MP: 1/1
   311 | D:1      | Reached XP level 2. HP: 24/24 MP: 2/2
   740 | D:1      | Reached XP level 3. HP: 29/29 MP: 3/3
  1243 | D:2      | Noticed Jessica
  1303 | D:2      | Reached XP level 4. HP: 20/37 MP: 4/4
  1671 | D:2      | Found a runed translucent door.
  1672 | D:2      | Noticed Crazy Yiuf
  1679 | D:2      | Paralysed by Crazy Yiuf for 5 turns
  1688 | D:2      | Killed Crazy Yiuf
  1689 | D:2      | Reached skill level 1 in Staves
  1821 | D:1      | Killed Jessica
  1822 | D:1      | Reached XP level 5. HP: 42/42 MP: 5/5
  2165 | D:3      | Reached XP level 6. HP: 48/48 MP: 6/6
  2263 | D:3      | Noticed Terence
  2268 | D:3      | Killed Terence
  2476 | D:4      | Noticed an ogre
  2481 | D:4      | Killed an ogre
  2524 | D:4      | Reached skill level 5 in Staves
  2712 | D:4      | Reached XP level 7. HP: 47/54 MP: 7/7
  3027 | D:4      | Found a runed translucent gate.
  3027 | D:4      | Found a runed translucent gate.
  3029 | D:4      | Found a runed translucent gate.
  3031 | D:4      | Noticed stazo's ghost (novice HOFi)
  3031 | D:4      | Noticed skk's ghost (amateur TeFi)
  3051 | D:4      | Killed stazo's ghost
  3052 | D:4      | Reached XP level 8. HP: 60/60 MP: 8/8
  3057 | D:4      | Killed skk's ghost
  3167 | D:5      | Entered Level 5 of the Dungeon
  3338 | D:5      | Reached skill level 1 in Evocations
  3442 | D:5      | Reached skill level 5 in Fighting
  3536 | D:5      | Noticed Prince Ribbit
  3568 | D:5      | Killed Prince Ribbit
  3949 | D:5      | Noticed Blork the orc
  3966 | D:5      | Killed Blork the orc
  4123 | D:5      | Noticed Grinder
  4126 | D:5      | Paralysed by Grinder for 3 turns
  4134 | D:5      | Killed Grinder
  4135 | D:5      | Reached XP level 9. HP: 64/71 MP: 9/9
  4285 | D:5      | Got a clouded pewter ring
  4287 | D:5      | Identified the ring "Ystufeuthu" {Fire Str+4 Int+2 Dex+4
                  | Stlth-} (You found it on level 5 of the Dungeon)
  4494 | D:6      | Found a staircase to the Ecumenical Temple.
  4506 | Temple   | Entered the Ecumenical Temple
  4516 | Temple   | Became a worshipper of the Wu Jian Council
  4516 | Temple   | Reached * piety under Wu Jian
  4516 | Temple   | Reached ** piety under Wu Jian
  4625 | D:6      | Reached skill level 5 in Evocations
  4792 | D:6      | Noticed Pikel
  4805 | D:6      | Killed Pikel
  4956 | D:6      | Found a bloodstained altar of Trog.
  4958 | D:6      | Found a broken altar of Ashenzari.
  4958 | D:6      | Found a bloodstained altar of Trog.
  4960 | D:6      | Found a shimmering altar of Xom.
  4960 | D:6      | Found a blossoming altar of Fedhas.
  4960 | D:6      | Found a shimmering altar of Xom.
  5144 | D:7      | Reached XP level 10. HP: 60/83 MP: 10/10
  5464 | D:7      | Found an opulent altar of Gozag.
  5465 | D:7      | Found a sacrificial altar of Ru.
  5511 | D:7      | Reached skill level 10 in Fighting
  5590 | D:7      | Reached skill level 1 in Armour
  6347 | D:8      | Noticed Gastronok
  6742 | D:8      | Found a radiant altar of Vehumet.
  6840 | D:8      | Found Woutuoqu's Weapon Shop.
  6908 | D:8      | Noticed a two-headed ogre
  6915 | D:8      | Killed a two-headed ogre
  7098 | D:8      | Found a white marble altar of Elyvilon.
  7358 | D:8      | Reached skill level 5 in Dodging
  7494 | D:8      | Noticed Harold
  7507 | D:8      | Killed Harold
  7508 | D:8      | Reached XP level 11. HP: 35/90 MP: 11/11
  7850 | D:8      | Reached *** piety under Wu Jian
  8119 | D:8      | Found a glowing golden altar of the Shining One.
  8211 | D:9      | Noticed a two-headed ogre
  8242 | D:9      | Killed a two-headed ogre
  8263 | D:9      | Reached skill level 5 in Armour
  8309 | D:9      | Noticed a two-headed ogre
  8500 | D:9      | Found a staircase to the Lair.
  8706 | D:9      | Killed a two-headed ogre
  8954 | D:9      | Noticed a five-headed hydra
  8954 | D:9      | Noticed Maggie
  9453 | D:9      | Got a sparkling pewter ring
  9456 | D:9      | Identified the ring of Sietemia {*Contam rF+ rC+ Will+
                  | Int+3} (You found it on level 9 of the Dungeon)
  9459 | D:9      | Killed Maggie
  9768 | D:9      | Killed a five-headed hydra
  9777 | Lair:1   | Entered Level 1 of the Lair of Beasts
  9796 | Lair:1   | Reached skill level 10 in Staves
  9946 | D:9      | Reached **** piety under Wu Jian
 10194 | Lair:1   | Reached XP level 12. HP: 94/97 MP: 12/12
 10234 | Lair:1   | Found a frozen archway.
 10253 | IceCv    | Entered an ice cave
 11009 | Lair:1   | Reached skill level 3 in Stealth
 11024 | Lair:1   | Reached skill level 4 in Stealth
 11027 | Lair:1   | Reached skill level 5 in Stealth
 11349 | Lair:1   | Reached skill level 6 in Stealth
 11362 | Lair:1   | Reached skill level 7 in Stealth
 12070 | Lair:2   | Reached skill level 8 in Stealth
 12242 | Lair:2   | Reached skill level 9 in Stealth
 12372 | Lair:2   | Reached skill level 10 in Stealth
 12573 | Lair:2   | Reached skill level 11 in Stealth
 12735 | Lair:2   | You fall into a shaft and drop 2 floors!
 12802 | Lair:3   | You fall into a shaft and drop 1 floor!
 12826 | Lair:4   | Reached XP level 13. HP: 76/103 MP: 13/13
 12925 | Lair:4   | Found a staircase to the Swamp.
 13111 | Lair:4   | Reached skill level 12 in Stealth
 13336 | Lair:3   | Reached skill level 13 in Stealth
 13706 | Lair:2   | Reached skill level 14 in Stealth
 14445 | Lair:3   | Found a hole to the Spider Nest.
 15209 | Lair:3   | Noticed Urug
 15220 | Lair:3   | Killed Urug
 15390 | Lair:3   | Reached skill level 5 in Maces & Flails
 16239 | Lair:4   | Noticed an eight-headed hydra
 16244 | Lair:4   | Killed an eight-headed hydra
 16260 | Lair:4   | Got a transparent pewter ring
 16270 | Lair:4   | Got an iridescent spear
 16272 | Lair:4   | Identified the +7 spear "Ankogrei" {elec, Str+5 Dex+6} (You
                  | found it on level 4 of the Lair of Beasts)
 16567 | Lair:4   | Identified the ring "Boossyat" {*Contam rElec rPois rN+}
                  | (You found it on level 4 of the Lair of Beasts)
 16703 | Lair:4   | Reached skill level 1 in Polearms
 16703 | Lair:4   | Reached XP level 14. HP: 110/110 MP: 14/14
 16924 | Lair:5   | Identified the Reference Book on Summoning and Clay
 17181 | Lair:5   | Reached skill level 5 in Polearms
 17754 | Lair:5   | Found a staircase to the Slime Pits.
 18168 | Lair:6   | Entered Level 6 of the Lair of Beasts
 18447 | Lair:6   | Paralysed by a hornet for 3 turns
 19003 | Lair:6   | Reached skill level 1 in Shields
 19452 | Lair:6   | Reached XP level 15. HP: 115/115 MP: 15/15
 19712 | Lair:6   | Reached ***** piety under Wu Jian
 19964 | Lair:6   | Found a runed translucent gate.
 19966 | Lair:6   | Found a runed translucent gate.
 19967 | Lair:6   | Found a runed translucent gate.
 19967 | Lair:6   | Noticed Life0's ghost (journeyman MiBe)
 20036 | Lair:6   | Found a viscous altar of Jiyva.
 20061 | Lair:6   | Reached skill level 10 in Dodging
 20066 | Lair:6   | Killed Life0's ghost
 20329 | D:10     | Entered Level 10 of the Dungeon
 20828 | D:10     | Found a staircase to the Orcish Mines.
 21199 | Orc:1    | Entered Level 1 of the Orcish Mines
 21437 | Orc:1    | Reached skill level 10 in Armour
 21637 | Orc:1    | Noticed Erolcha
 21685 | Orc:1    | Killed Erolcha
 22049 | Orc:2    | Entered Level 2 of the Orcish Mines
 23363 | Orc:2    | Found a roughly hewn altar of Beogh.
 23364 | Orc:2    | Found Moipnyapn's Jewellery Shop.
 23420 | Orc:2    | Bought a cursed amulet of inaccuracy for 30 gold pieces
 23539 | Orc:2    | Found a roughly hewn altar of Beogh.
 23664 | Orc:2    | Noticed an orc warlord
 23667 | Orc:2    | Reached ****** piety under Wu Jian
 23714 | Orc:2    | Reached XP level 16. HP: 82/122 MP: 16/16
 23741 | Orc:2    | Found Olics's Antique Weapon Shop.
 23745 | Orc:2    | Found a roughly hewn altar of Beogh.
 23916 | Orc:2    | Found Tetoos's Antique Armour Boutique.
 23931 | Orc:2    | Bought a shiny helmet for 202 gold pieces
 23951 | Orc:2    | Upgraded the game from 0.26-a0-1181-gd376ed14c5 to
                  | 0.27-a0-54-g64bdb92e38
 24213 | D:$      | Got out of the dungeon alive.

Illustrated notes

Levels and vault maps discovered:
D:1:      psy_arrival_dodecagon, layout_basic
D:2:      layout_rooms, uniq_crazy_yiuf_cottage, uniq_jessica
D:3:      layout_basic, uniq_terence
D:4:      layout_loops_cross, gammafunk_ghost_cemetery
D:5:      layout_basic, serial_glass, glass_columns_a, glass_columns_b,
          minmay_fractal_squares_gapless_5, uniq_grinder, uniq_blork_the_orc,
          uniq_prince_ribbit1
D:6:      layout_rooms, minmay_temple_entry_sparse_star, doesnt_xom_only_xom,
          uniq_pikel
D:7:      layout_layer_cave, minitemple, nrook_pool_corridor
D:8:      layout_gridville, vehumet_crystals, general_overflow_altar,
          serial_shops, shop, elyvilon_altar_5, uniq_harold, uniq_gastronok
D:9:      layout_loops_ring, due_lair_maze_entry_diamond, minmay_diamond_spiral,
          uniq_maggie
D:10:     erik_rubicon_b, layout_cave_pools, orc_0_dummy,
          lightli_fourway_metalbox
Temple:   hc_temple_tempest_star
Lair:1:   layout_cave_shapes, portal_ice_cave_entry_imps, wad_woods_03
Lair:2:   layout_cellular_growth, grunt_megastairs_1
Lair:3:   layout_cellular_growth, spider_nest_entry_a, lemuel_fruit_fields,
          uniq_urug
Lair:4:   layout_concentric_octagons, minmay_swamp_entry_eels,
          lemuel_fruit_tree, grunt_megastairs_5, minmay_lair_oklob_chamber,
          serial_bayou_shore_a
Lair:5:   layout_roguey, minmay_slime_entry_pillars, gauntlet_entry_generic,
          beast_lair_carwin_10, grunt_megastairs_2, serial_bayou_shore_b
Lair:6:   minmay_lair_end_enchanted_forest, layout_big_grid,
          gammafunk_ghost_ooze, st_stairs_8, infiniplex_staircase_pool
Orc:1:    lemuel_ogre_cave, layout_caves, serial_shops, shop_statue
Orc:2:    grunt_orc_community_town_hall, layout_caves,
          grunt_orc_community_big_house_1, grunt_orc_community_big_house_2,
          grunt_orc_community_house_3, grunt_orc_community_house_3,
          grunt_orc_community_house_1, grunt_orc_community_house_3,
          nicolae_orc_bridge_out

Skill      XL: |  1  2  3  4  5  6  7  8  9 10 11 12 13 14 15 |
---------------+----------------------------------------------+-----
Fighting       | 4 6 9 10 | 10.0
Staves         | 2 3 5 7 8 10 12 | 12.1
Evocations     | 4 5 |  5.0
Armour         | 4 7 8 11 | 11.3
Dodging        | 5 7 8 11 | 11.7
Stealth        | 11 14 | 14.0
Maces & Flails | 7 |  7.5
Polearms       | 1 9 |  9.3
Shields        | 4 |  4.0

Action                   |  1- 3 |  4- 6 |  7- 9 | 10-12 | 13-15 | 16-18 || total
-------------------------+-------+-------+-------+-------+-------+-------++-------
Melee: Mace              |   106 |    27 |       |       |       |       ||   133
       Quarterstaff      |       |    72 |   144 |    53 |       |       ||   269
       Lajatang          |       |       |       |   718 |   291 |       ||  1009
       Spear             |       |       |       |       |  1284 |    18 ||  1302
Throw: Stone             |     7 |     3 |       |       |       |       ||    10
       Javelin           |       |       |       |       |    11 |       ||    11
       Boomerang         |       |       |       |       |     9 |       ||     9
       Throwing net      |       |       |       |       |     4 |       ||     4
Invok: Lunge             |       |       |     5 |    43 |    36 |     1 ||    85
       Whirlwind         |       |       |       |   230 |    86 |     1 ||   317
       Serpent's Lash    |       |       |       |    16 |    24 |     1 ||    41
 Abil: Wall Jump         |       |       |       |     9 |    14 |       ||    23
Evoke: Wand              |       |       |    15 |    37 |    54 |       ||   106
       Box of beasts     |       |       |       |       |     1 |       ||     1
  Use: Scroll            |     4 |     5 |     6 |    18 |     9 |     1 ||    43
       Potion            |       |     1 |     4 |     2 |     5 |       ||    12
 Stab: Sleeping          |     1 |     1 |     1 |       |       |       ||     3
       Invisible         |       |     1 |       |       |     7 |       ||     8
       Paralysed         |       |       |     2 |       |     4 |       ||     6
       Confused          |       |       |       |     1 |       |       ||     1
       Petrified         |       |       |       |     1 |       |       ||     1
       Distracted        |       |       |       |       |     4 |       ||     4
Armor: Robe              |    12 |       |       |       |       |       ||    12
       Ring mail         |    29 |    28 |    22 |    58 |       |       ||   137
       Crystal plate arm |       |       |       |   194 |   413 |     2 ||   609
Dodge: Dodged            |    62 |    53 |    77 |   361 |   359 |       ||   912
Block: Buckler           |       |       |       |       |   293 |     2 ||   295
       Reflection        |       |       |       |       |     1 |       ||     1

Table legend: (Time is in decaauts)
 A = Elapsed time spent in this place.
 B = Non-inter-level travel time spent in this place.
 C = Inter-level travel time spent in this place.
 D = Time resting spent in this place.
 E = Time spent auto-exploring this place.
 F = Levels seen in this place.
 G = Mean time per level.
                   A        B        C        D        E       F      G
               +--------+--------+--------+--------+--------+-----+--------+
         Total |  23706 |  22633 |   1073 |   5637 |  11826 |  20 | 1185.3 |
       Dungeon |  11166 |  10451 |    715 |   2315 |   5694 |  10 | 1116.6 |
        Temple |     20 |     11 |      9 |      0 |      0 |   1 |   20.0 |
          Lair |   9489 |   9178 |    311 |   2488 |   4704 |   6 | 1581.5 |
  Orcish Mines |   2562 |   2525 |     37 |    569 |   1428 |   2 | 1281.0 |
      Ice Cave |    466 |    466 |      0 |    265 |      0 |   1 |  466.0 |
               +--------+--------+--------+--------+--------+-----+--------+

Top non-repeatable levels by time:
     D:8: 2002 daAuts
  Lair:3: 1749 daAuts
  Lair:6: 1720 daAuts
  Lair:2: 1702 daAuts
  Lair:1: 1596 daAuts
     D:9: 1562 daAuts
     D:7: 1442 daAuts
  Lair:4: 1421 daAuts
     D:5: 1322 daAuts
   Orc:1: 1302 daAuts
  Lair:5: 1298 daAuts
   Orc:2: 1260 daAuts
     D:1: 1116 daAuts
     D:2: 898 daAuts
    D:10: 876 daAuts
